 Dungeon Crawl Stone Soup version 0.18.1-50-g88ac8fd (webtiles) character file.

25 zultag the Grave Robber (level 2, 0/19 HPs)
             Began as a Vampire Necromancer on Sept 16, 2016.
             Slain by an adder (3 damage)
             ... on level 2 of the Dungeon on Sept 27, 2016.
             The game lasted 00:11:06 (752 turns).

zultag the Grave Robber (Vampire Necromancer)        Turns: 752, Time: 00:11:06

Health: 0/19       AC:  3    Str:  7    XL:     2   Next: 86%
Magic:  3/5        EV: 13    Int: 17    God:
Gold:   26         SH:  0    Dex: 14    Spells: 2 memorised, 3 levels left

rFire  . . .     SeeInvis +     d - +0 club
rCold  . . .     Gourm    .     a - +0 robe
rNeg   + . .     Faith    .     (no shield)
rPois  .         Spirit   .     (no helmet)
rElec  .         Dismiss  .     (no cloak)
rCorr  .         Reflect  .     l - +0 pair of gloves
SustAt .         Harm     .     (no boots)
MR     .....                    (no amulet)
Stlth  +++.......               (no ring)
                                (no ring)

@: lethally poisoned (0 -> -3), not resistant to hostile enchantments, fairly
stealthy
A: fangs 3, see invisible, unbreathing
a: no special abilities


You were on level 2 of the Dungeon.
You were not thirsty.

You visited 1 branch of the dungeon, and saw 2 of its levels.

You collected 26 gold pieces.

Inventory:

Hand Weapons
 d - a +0 club (weapon)
 m - a +0 mace
Missiles
 i - 38 stones
 r - 6 poisoned needles (quivered)
Armour
 a - a +0 robe (worn)
 g - a +0 robe
 k - a +0 leather armour
 l - a +0 pair of gloves (worn)
 o - a +0 robe
Scrolls
 j - a scroll of teleportation {unknown}
 p - a scroll of enchant armour {unknown}
 s - a scroll of amnesia {unknown}
 t - a scroll of fear {unknown}
Potions
 c - a potion of blood
 e - a potion of agility {unknown}
 n - 3 potions of curing {unknown}
Books
 b - a book of Necromancy

   Spells                             Type                      Level
   a - Pain                           Necromancy                   1
   b - Animate Skeleton               Necromancy                   1
   c - Vampiric Draining              Necromancy                   3
   d - Regeneration                   Charms/Necromancy            3
   e - Animate Dead                   Necromancy                   4
   f - Control Undead                 Necromancy                   4
Comestibles
 f - 6 chunks of flesh
 h - 2 fruits
 q - a meat ration


   Skills:
 + Level 0.1 Throwing
 + Level 2.4 Dodging
 + Level 3.3 Stealth
 + Level 2.2 Spellcasting
 + Level 4.9 Necromancy


You had 3 spell levels left.
You knew the following spells:

 Your Spells              Type           Power        Failure   Level  Hunger
a - Pain                  Necr           ###.         2%          1    #......
b - Animate Skeleton      Necr           N/A          2%          1    #......


Dungeon Overview and Level Annotations

Branches:
Dungeon (2/15)

Altars:


Innate Abilities, Weirdness & Mutations

You have razor-sharp teeth.
You have supernaturally acute eyesight.
You can survive without breathing.


Message History

Aim: a goblin (heavily wounded, chance to defeat MR: 94%)
The goblin convulses in agony!
You kill the goblin!
The adder misses you.
Casting: Pain
Confirm with . or Enter, or press ? or * to list all spells.
Aiming: Pain
Press: ? - help, Shift-Dir - straight line, f - adder
Aim: an adder (chance to defeat MR: 84%)
The adder convulses in agony!
The adder bites you.
* * * LOW HITPOINT WARNING * * *
You are lethally poisoned!
The adder poisons you!
* * * LOW HITPOINT WARNING * * *
You feel sick. The adder closely misses you. The adder barely misses you.
* * * LOW HITPOINT WARNING * * *
You feel sick. The adder bites you.
You die...

S... .. .....#. #
...(g..## ## ####.#
##=###.##....# #
#.......#<#### #>
#.##.##.#..... #..
#)##.##.#.##..
#...#####.##.........#
#...%@S...#####.#.####
#...#####.#####.#.....
##. #.....[.#.....
..........############
.# #.##.#..# # ( #
#..# # .... # ##.## #.


You could see an adder.

Vanquished Creatures
  A ball python (D:1)
  2 bats
  A giant cockroach (D:1)
  4 goblins
  4 hobgoblins (D:1)
  2 jackals (D:2)
  A giant newt (D:1)
  A kobold (D:2)
  4 rats
20 creatures vanquished.

Vanquished Creatures (collateral kills)
  3 rats (D:1)
3 creatures vanquished.

Grand Total: 23 creatures vanquished

Notes
Turn   | Place    | Note
--------------------------------------------------------------
     0 | D:1      | zultag the Vampire Necromancer began the quest for the Orb.
     0 | D:1      | Reached XP level 1. HP: 13/13 MP: 3/3
    11 | D:1      | Learned a level 1 spell: Animate Skeleton
   321 | D:1      | Reached XP level 2. HP: 14/19 MP: 0/5
   752 | D:2      | Slain by an adder

Action                   || total
-------------------------++-------
Melee: Club              ||    25
       Bite              ||     5
Throw: Stone             ||    27
 Cast: Pain              ||    17
       Animate Skeleton  ||     7
Armor: Robe              ||    24
Dodge: Dodged            ||    53
